 Dungeon Crawl Stone Soup version 0.14-a0-2950-gbe29d66 (webtiles) character file.

162 Kae the Sneak (level 3, 0/16 HPs)
             Began as a Spriggan Enchanter on Mar 4, 2014.
             Slain by an adder (5 damage)
             ... on Level 3 of the Dungeon.
             The game lasted 00:01:46 (1825 turns).

Kae the Sneak (Spriggan Enchanter)                  Turns: 1825, Time: 00:01:46

HP   0/16        AC  4     Str  5      XL: 3   Next: 48%
MP   6/10        EV 18     Int 16      God:
Gold 115         SH  0     Dex 16      Spells:  2 memorised,  5 levels left

rFire  . . .     SeeInvis +     a - +1 dagger
rCold  . . .     Clarity  .     b - +1 robe
rNeg   . . .     Conserve .     (shield restricted)
rPois  .         rCorr    .     (helmet restricted)
rElec  .         rRot     .     p - +0 cloak
SustAb . .       Spirit   .     (gloves unavailable)
rMut   .         Warding  .     (boots unavailable)
Saprov . . .     Stasis   .     (no amulet)
MR     .....                    (no ring)
                                (no ring)

@: very quick, not resistant to hostile enchantments, quite stealthy
A: unfitting armour, see invisible, herbivore 3, speed 3, slow metabolism 2
a: no special abilities


You were on level 3 of the Dungeon.
You were not hungry.

You visited 1 branch of the dungeon, and saw 3 of its levels.

You collected 115 gold pieces.

Inventory:

Hand weapons
 a - a +1,+1 dagger (weapon)
Missiles
 d - 12 darts (quivered)
 r - 2 throwing nets
Armour
 b - a +1 robe (worn)
 p - a +0 cloak (worn)
Comestibles
 v - a bread ration
Scrolls
 g - 3 scrolls of identify {unknown}
 i - a scroll of remove curse {unknown}
 k - a scroll of enchant weapon I {unknown}
 n - a scroll of noise {unknown}
 o - a scroll of enchant armour {unknown}
 s - a scroll of teleportation {unknown}
 u - a scroll of amnesia {unknown}
 y - a scroll of magic mapping {unknown}
Jewellery
 h - an uncursed ring of flight {unknown}
 m - an uncursed amulet of resist mutation {unknown}
 x - an uncursed ring of see invisible {unknown}
Potions
 e - a potion of porridge
 f - 3 potions of curing {unknown}
 j - a potion of speed {unknown}
 l - a potion of heal wounds {unknown}
 q - a potion of restore abilities {unknown}
 t - a potion of cure mutation {unknown}
 w - a potion of lignification {unknown}
 z - a potion of flight {unknown}
Books
 c - a book of Maledictions

   Spells                             Type                      Level
   *Corona                            Hexes                        1
   Sure Blade                         Hexes/Charms                 2
   *Ensorcelled Hibernation           Hexes/Ice                    2
   Confuse                            Hexes                        3
   Enslavement                        Hexes                        4
   Invisibility                       Hexes                        6
 A - a book of Wizardry

   Spells                             Type                      Level
   Summon Elemental                   Summoning                    4
   Agony                              Necromancy                   5
   Force Lance                        Conjuration                  5
   Fireball                           Conjuration/Fire             5
   Haste                              Charms                       6
   Invisibility                       Hexes                        6


   Skills:
 + Level 2.0 Short Blades
 - Level 1.1 Throwing
 - Level 3.2 Dodging
 * Level 4.5 Stealth
 + Level 3.0 Spellcasting
 + Level 4.0 Hexes


You had 5 spell levels left.
You knew the following spells:

 Your Spells              Type           Power        Failure   Level  Hunger
a - Corona                Hex            ###....      4%          1    #......
b - Ensorcelled Hibernat  Hex/Ice        #.....       14%         2    ##.....


Dungeon Overview and Level Annotations

Branches:
Dungeon (3/16)

Altars:
The Shining One


Innate Abilities, Weirdness & Mutations

You are tiny and cannot use many weapons and most armour.
You have supernaturally acute eyesight.
You are a herbivore.
You cover ground extremely quickly.
You need consume almost no food.


Message History

The adder closely misses you. The adder completely misses you.
You hit the adder but do no damage.
The adder is heavily wounded.
The adder closely misses you.
You closely miss the adder.
The adder is heavily wounded.
The adder barely misses you.
Casting: Ensorcelled Hibernation
Confirm with . or Enter, or press ? or * to list all spells.
Aiming: Ensorcelled Hibernation
Press: ? - help, Shift-Dir - straight line, f - adder
Aim: an adder (heavily wounded)
The adder resists.
The adder bites you.
Casting: Ensorcelled Hibernation
Confirm with . or Enter, or press ? or * to list all spells.
Aiming: Ensorcelled Hibernation
Press: ? - help, Shift-Dir - straight line, f/p - adder
Aim: an adder (heavily wounded)
The adder resists.
The adder bites you.
You die...

........)......#
..####..##.##.#
... #.%##.# #
##...####..##.#
#.............#
...........####
##.#####.##
#.######.#
#....@S..#
##########


You could see an adder.

Vanquished Creatures
  An adder (D:2)
  2 giant geckos
  3 orcs (D:3)
  A goblin (D:2)
  4 hobgoblins
  4 kobolds (D:2)
  4 bats
  2 giant cockroaches
  A giant newt (D:2)
  4 jackals (D:1)
  2 quokkas
  5 rats
33 creatures vanquished.

Notes
Turn   | Place    | Note
--------------------------------------------------------------
     0 | D:1      | Kae, the Spriggan Enchanter, began the quest for the Orb.
     0 | D:1      | Reached XP level 1. HP: 9/9 MP: 4/4
   221 | D:1      | Reached XP level 2. HP: 10/13 MP: 7/7
   463 | D:1      | Learned a level 2 spell: Ensorcelled Hibernation
   997 | D:2      | Reached skill level 4 in Stealth
  1299 | D:2      | Reached XP level 3. HP: 16/16 MP: 9/9
  1475 | D:3      | Found a glowing golden altar of the Shining One.
  1825 | D:3      | Slain by an adder

Action                   || total
-------------------------++-------
Melee: Dagger            ||   175
 Cast: Ensorcelled Hiber ||     3
 Stab: Sleeping          ||     8
